 Dungeon Crawl Stone Soup version 0.22.0-18-ge075c0de6d (webtiles) character file.

86 Kniotic the Conjurer (level 4, -1/33 HPs)
             Began as a Demigod Conjurer on Aug 18, 2018.
             Succumbed to a killer bee's poison
             ... on level 3 of the Dungeon.
             The game lasted 00:02:41 (2137 turns).

Kniotic the Conjurer (Demigod Conjurer)             Turns: 2137, Time: 00:02:41

Health: -1/33      AC:  5    Str: 11    XL:     4   Next: 6%
Magic:  19/20      EV:  9    Int: 21    God:
Gold:   120        SH:  5    Dex: 16    Spells: 8/9 levels left

rFire    . . .     SeeInvis .   r - +7 club
rCold    . . .     Gourm    .   (no shield)
rNeg     . . .     Faith    .   a - +0 robe
rPois    .         Spirit   .   k - +1 helmet
rElec    .         Reflect  +   (no cloak)
rCorr    .         Harm     .   l - +0 pair of gloves
MR       .....                  (no boots)
Stlth    ++........             v - +5 amulet of reflection
HPRegen  0.11/turn              b - -3 ring of evasion (curse)
MPRegen  0.17/turn              d - ring of magical power (curse)

@: lethally poisoned (-1 -> -21)
A: high mp 1
a: no special abilities


You were on level 3 of the Dungeon.
You were not hungry.

You visited 1 branch of the dungeon, and saw 3 of its levels.

You collected 120 gold pieces.

Inventory:

Hand Weapons
 r - a +7 club (weapon)
Armour
 a - a +0 robe (worn)
 k - a +1 helmet (worn)
 l - a +0 pair of gloves (worn)
Jewellery
 b - a cursed -3 ring of evasion (left hand)
 d - a cursed ring of magical power (right hand)
 e - an uncursed ring of protection from cold {unknown}
 j - an uncursed ring of protection from cold {unknown}
 t - an uncursed ring of protection from cold {unknown}
 v - a +5 amulet of reflection (around neck)
Scrolls
 h - 3 scrolls of amnesia {unknown}
 m - a scroll of magic mapping {unknown}
 n - a scroll of identify {unknown}
 o - a scroll of remove curse {unknown}
 q - a scroll of enchant weapon {unknown}
 s - a scroll of random uselessness {unknown}
Potions
 f - 2 potions of brilliance {unknown}
 g - a potion of magic {unknown}
 i - a potion of mutation {unknown}
 p - a potion of curing {unknown}
 u - a potion of might {unknown}
Comestibles
 c - 6 rations


   Skills:
 - Level 1.7 Dodging
 - Level 1.7 Stealth
 + Level 3.0 Spellcasting
 + Level 4.5 Conjurations


You had 8 spell levels left.
You knew the following spells:

 Your Spells              Type           Power        Failure   Level  Hunger
a - Magic Dart            Conj           ###.         1%          1    None

Your spell library contained the following spells:

 Spells                   Type           Power        Failure   Level  Hunger
 Searing Ray              Conj           ###...       3%          2    ##.....
 Animate Skeleton         Necr           N/A          13%         1    None
 Apportation              Tloc           #.....       13%         1    None
 Confusing Touch          Hex            #.....       13%         1    None
 Summon Small Mammal      Summ           #...         13%         1    None
 Dazzling Spray           Conj/Hex       ##....       16%         3    ###....
 Iskenderun's Mystic Bla  Conj           ###.....     21%         4    ####...
 Force Lance              Conj/Tloc      ##......     45%         4    ####...
 Fulminant Prism          Conj/Hex       ##........   45%         4    ####...


Dungeon Overview and Level Annotations

Branches:
Dungeon (3/15)

Annotations:
D:3 Terence


Innate Abilities, Weirdness & Mutations

You have an increased reservoir of magic. (+10% MP)


Message History

The killer bee poisons you!
* * * LOW HITPOINT WARNING * * *
You feel sick.
The killer bee stings you but does no damage.
* * * LOW HITPOINT WARNING * * *
You feel sick. The killer bee completely misses you.
The killer bee closely misses you.
* * * LOW HITPOINT WARNING * * *
You feel sick. The killer bee stings you.
* * * LOW HITPOINT WARNING * * *
You are more poisoned.
The killer bee poisons you!
Casting: Magic Dart (safe; 1% risk of failure)
Confirm with . or Enter, or press ? or * to list all spells.
Aiming: Magic Dart (safe; 1% risk of failure)
Press: ? - help, Shift-Dir - straight line, f - killer bee
Aim: a killer bee The magic dart hits the killer bee.
The killer bee is heavily wounded.
You die...

######.#.# #..
.........#### #.#
###.........# #.#
#†.##..##.# #.#
#..##..##.# #.#
#..##..##<# #.#
##..##..##.#
##.#####...##..##.#####.#
......)..#....yy@.......#
##.#####...##...........#
#.######..####.#.#####.#
#.....##..####.#.#
#####.##.........###...
#.##.#####.........
#.##.# #######... .y$..#
. #.y####


You could see 2 killer bees.

Vanquished Creatures
  Jessica (D:2)
  An adder (D:2)
  A dart slug (D:1)
  9 giant cockroaches
  8 goblins
  5 hobgoblins
  2 jackals (D:2)
  4 bats
  2 frilled lizards
  9 kobolds
  4 rats
46 creatures vanquished.

Notes
Turn   | Place    | Note
-------+----------+-------------------------------------------
     0 | D:1      | Kniotic the Demigod Conjurer began the quest for the Orb.
     0 | D:1      | Reached XP level 1. HP: 14/14 MP: 5/5
   418 | D:1      | Reached XP level 2. HP: 20/20 MP: 7/7
   457 | D:1      | Reached skill level 4 in Conjurations
  1257 | D:2      | Found a radiant altar of Vehumet.
  1278 | D:2      | Reached XP level 3. HP: 26/26 MP: 9/9
  1459 | D:2      | Found a shimmering altar of Xom.
  1707 | D:2      | Noticed Jessica
  1711 | D:2      | Killed Jessica
  1792 | D:2      | Reached XP level 4. HP: 33/33 MP: 11/11
  2031 | D:3      | Noticed Terence
  2136 | D:3      | HP: 1/33 [killer bee (6)]
  2137 | D:3      | Succumbed to a killer bee's poison

Skill      XL: |  1  2  3  4 |
---------------+-------------+-----
Spellcasting   | 2 3 |  3.0
Conjurations   | 4 |  4.5
Dodging        | |  1.7
Stealth        | |  1.7

Action                   |  1- 3 |  4- 6 || total
-------------------------+-------+-------++-------
 Cast: Magic Dart        |    80 |    14 ||    94
  Eat: Chunk             |     3 |     1 ||     4
Armor: Robe              |     2 |     4 ||     6
Dodge: Dodged            |     9 |     5 ||    14
Block: Other             |       |     1 ||     1
